 Dungeon Crawl Stone Soup version 0.29-a0-962-gc8bbfd0a37 (webtiles) character file.

Game seed: 13725317491001506414

6 spaghetti the Grave Robber (level 1, -1/16 HPs)
             Began as an Ogre Necromancer on July 31, 2022.
             Slain by a jackal (2 damage)
             ... on level 1 of the Dungeon.
             The game lasted 00:00:45 (430 turns).

spaghetti the Grave Robber (Ogre Necromancer)        Turns: 430, Time: 00:00:46

Health: -1/16      AC:  3    Str:  8 (11) XL:     1   Next: 90%
Magic:  1/4        EV:  9    Int: 15 (16) God:
Gold:   0          SH:  0    Dex:  6 (9)  Spells: 4/5 levels left

rFire   . . .      SeeInvis .   (no weapon)
rCold   . . .      Faith    .   (no shield)
rNeg    . . .      Spirit   .   a - +0 robe
rPois   .          Reflect  .   (helmet restricted)
rElec   .          Harm     .   (no cloak)
rCorr   .          Rampage  .   (gloves unavailable)
Will    .....                   (boots unavailable)
Stlth   +.........              (no amulet)
HPRegen 0.05/turn               (no ring)
MPRegen 0.09/turn               (no ring)

@: very slightly contaminated
A: large, unfitting armour, tough skin 1
a: no special abilities


You were on level 1 of the Dungeon.
You visited 1 branch of the dungeon, and saw 1 of its levels.


Innate Abilities, Weirdness & Mutations

You are too large for most types of armour.
You have tough skin. (AC +1)


   Skills:
 - Level 1.7 Dodging
 - Level 1.4 Stealth
 + Level 2.7 Spellcasting
 + Level 3.7 Necromancy


You had 4 spell levels left.
You knew the following spells:

 Your Spells              Type           Power      Damage    Failure   Level
a - Necrotise             Necr           52%        1d6       4%          1

Your spell library contained the following spells:

 Spells                   Type           Power      Damage    Failure   Level
 Vampiric Draining        Necr           13%        2d6       13%         3
 Animate Dead             Necr           13%        N/A       41%         4
 Agony                    Necr           13%        N/A       77%         5

Inventory:

Hand Weapons
 c - a +0 short sword {short}
   (You found it on level 1 of the Dungeon)
 d - a +0 club {mace}
   (You took it off a kobold on level 1 of the Dungeon)
Missiles
 e - 3 stones {throwing}
Armour
 a - a +0 robe (worn)
Potions
 b - a potion of degeneration {!q@e2}

Dungeon Overview and Level Annotations

Branches:
Dungeon (1/15) Zot: 5569

Altars:

#.##. ### #.# .....
..# #># #.#h# #.# #.#
###.#h# #.# #.#
..#.#h###.## #.###
#.#.#.##...## #....
#.#h#.#.....###..##
##g#hh..............
#.J@##.#.....####.##
#...#.........#####.##
#.# ..#......###......
.. #.##..........##.##
# #. ####.########.#
#. #.########.## ..
#............ ..
########.## #.#


You could see an endoplasm, 3 jackals and a goblin.


Message History

You lost 1 mp, and now have 3/4 mp.
Casting: Necrotise (safe; 4% risk of failure)
Confirm with . or Enter, or press ? or * to list all spells.
You can't see any susceptible monsters within range! (Use Z to cast anyway.)
Casting: Necrotise (safe; 4% risk of failure)
Confirm with . or Enter, or press ? or * to list all spells.
You can't see any susceptible monsters within range! (Use Z to cast anyway.)
Casting: Necrotise (safe; 4% risk of failure)
Confirm with . or Enter, or press ? or * to list all spells.
You can't see any susceptible monsters within range! (Use Z to cast anyway.) Unknown command.
The jackal bites your jackal skeleton.
Your jackal skeleton barely misses the jackal.
An endoplasm comes into view.
You see here a green potion.
The endoplasm quivers.
The goblin barely misses you.
Casting: Necrotise (safe; 4% risk of failure)
Confirm with . or Enter, or press ? or * to list all spells.
Aiming: Necrotise (safe; 4% risk of failure)
Press: ? - help, Shift-Dir - straight line, f - endoplasm
Aim: an endoplasm (chance to affect: 84%)
You miscast Necrotise.
You are very lightly contaminated with residual magic.
Nothing appears to happen.
The goblin hits you with a +0 dagger. The endoplasm freezes you.
You are frozen. 😮 HP[-5] MP[-1]
You take 5 damage, and now have 11/16 hp.
MASSIVE DAMAGE!! (PAUSE)
You lost 1 mp, and now have 2/4 mp.
Casting: Necrotise (safe; 4% risk of failure)
Confirm with . or Enter, or press ? or * to list all spells.
Aiming: Necrotise (safe; 4% risk of failure)
Press: ? - help, Shift-Dir - straight line, f/p - endoplasm
Aim: an endoplasm (chance to affect: 84%)
The endoplasm writhes in agony.
The jackal bites your jackal skeleton. The goblin hits you with a +0 dagger.
* * * LOW HITPOINT WARNING * * *
The endoplasm closely misses you. 😨 HP[-3] MP[-1]
You take 3 damage, and now have 8/16 hp.
You lost 1 mp, and now have 1/4 mp.
Casting: Necrotise (safe; 4% risk of failure)
Confirm with . or Enter, or press ? or * to list all spells.
Aiming: Necrotise (safe; 4% risk of failure)
Press: ? - help, Shift-Dir - straight line, f/p - endoplasm
Aim: an endoplasm (lightly wounded, ally target, chance to affect: 84%)
You miscast Necrotise.
Nothing appears to happen.
The jackal barely misses your jackal skeleton.
The goblin barely misses you. The jackal bites your jackal skeleton.
The endoplasm hits you but does no damage. 😨 MP[-1]
You lost 1 mp, and now have 0/4 mp.
Casting: Necrotise (safe; 4% risk of failure)
Confirm with . or Enter, or press ? or * to list all spells.
You don't have enough magic to cast this spell.
Casting: Necrotise (safe; 4% risk of failure)
Confirm with . or Enter, or press ? or * to list all spells.
You don't have enough magic to cast this spell.
Casting: Necrotise (safe; 4% risk of failure)
Confirm with . or Enter, or press ? or * to list all spells.
You don't have enough magic to cast this spell.
Unknown command.
You aren't carrying any items that you can evoke.
Okay, then.
It was a potion of degeneration.
There was something very wrong with that liquid.
You feel weakened.
You feel dopey.
You feel clumsy.
Your jackal skeleton crumbles into dust!
The endoplasm barely misses you. The goblin completely misses you.
You aren't carrying any scrolls.
Casting: Necrotise (safe; 4% risk of failure)
Confirm with . or Enter, or press ? or * to list all spells.
You don't have enough magic to cast this spell.
Unknown command.
You closely miss the goblin.
The jackal bites you but does no damage.
The endoplasm closely misses you. The goblin barely misses you.
You hit the goblin.
The jackal bites you but does no damage. x2
The endoplasm freezes you.
You are frozen.
* * * LOW HITPOINT WARNING * * *
The goblin barely misses you. 😱 HP[-5]
You take 5 damage, and now have 3/16 hp.
MASSIVE DAMAGE!! (PAUSE) Unknown command.
You closely miss the goblin. The jackal barely misses you.
The endoplasm hits you.
* * * LOW HITPOINT WARNING * * *
The goblin barely misses you. 😱 HP[-1]
You take 1 damage, and now have 2/16 hp.
You barely miss the goblin. The jackal bites you.
* * * LOW HITPOINT WARNING * * *
The jackal bites you.
You die...

Action                   || total
-------------------------++-------
Melee: Unarmed           ||     9
 Cast: Necrotise         ||    14
  Use: Potion            ||     2
Armor: Robe              ||     7
Dodge: Dodged            ||    13

Levels and vault maps discovered:
D:1:      shiori_arrival_oz, layout_loops_ring,
          shapermc_ecumenical_altar_pompeii

Notes
Turn   | Place    | Note
-------+----------+-------------------------------------------
     0 | D:1      | spaghetti the Ogre Necromancer began the quest for the Orb.
     0 | D:1      | Reached XP level 1. HP: 16/16 MP: 3/3
     0 | D:1      | magus.rc [v1.9.6]
   428 | D:1      | HP: 3/16 [frozen (5)]
   430 | D:1      | HP: 1/16 [jackal (1)]
   430 | D:1      | Slain by a jackal

Vanquished Creatures
  A dart slug (D:1)
  A jackal (D:1)
  A bat (D:1)
  A kobold (D:1)
  A rat (D:1)
5 creatures vanquished.

Table legend:
 A = Non-vault XP
 B = Vault XP
 C = Vault XP percentage of total XP
 D = Non-vault monster count
 E = Vault monster count
 F = Vault count percentage of total count
                 A         B        C        D         E       F
            +---------+---------+-------+---------+---------+-------
      Total |       9 |       0 |   0.0 |       5 |       0 |   0.0
            +---------+---------+-------+---------+---------+-------
        D:1 |       9 |       0 |   0.0 |       5 |       0 |   0.0
            +---------+---------+-------+---------+---------+-------

Illustrated notes

Table legend:
 A = Kills in this place as a percentage of kills in entire the game.
 B = Kills by you in this place as a percentage of kills by you in the entire game.
 C = Kills by friends in this place as a percentage of kills by friends in the entire game.
 D = Other kills in this place as a percentage of other kills in the entire game.
 E = Experience gained in this place as a percentage of experience gained in the entire game.
 F = Experience gained in this place divided by the number of levels of this place that you have seen.
                   A       B       C       D       E      F
               +-------+-------+-------+-------+-------+----------------------
         Total | 100.0 | 100.0 |   N/A |   N/A | 100.0 |   9.0
       Dungeon | 100.0 | 100.0 |   N/A |   N/A | 100.0 |   9.0
               +-------+-------+-------+-------+-------+----------------------

Table legend: (Time is in decaauts)
 A = Elapsed time spent in this place.
 B = Non-inter-level travel time spent in this place.
 C = Inter-level travel time spent in this place.
 D = Time resting spent in this place.
 E = Time spent auto-exploring this place.
 F = Levels seen in this place.
 G = Mean time per level.
                   A        B        C        D        E       F      G
               +--------+--------+--------+--------+--------+-----+--------+
         Total |    430 |    430 |      0 |      0 |    377 |   1 |  430.0 |
       Dungeon |    430 |    430 |      0 |      0 |    377 |   1 |  430.0 |
               +--------+--------+--------+--------+--------+-----+--------+

Top non-repeatable levels by time:
     D:1: 430 daAuts
